 Dungeon Crawl Stone Soup version 0.19-a0-1834-g6b7851e (console) character file.

465 brucemayne the Cleaver (level 7, 0/85 HPs)
             Began as a Hill Orc Monk on Oct 8, 2016.
             Was a Believer of Makhleb.
             Slain by a wight
             ... wielding a +0 great sword
              (9 damage)
             ... on level 8 of the Dungeon.
             The game lasted 00:07:51 (1317 turns).

brucemayne the Cleaver (Hill Orc Monk)              Turns: 1317, Time: 00:07:52

Health: 0/85       AC: 23    Str: 14 (16) XL:     7   Next: 8%
Magic:  7/7        EV:  2    Int: 14 (15) God:    Makhleb [**....]
Gold:   54         SH:  4    Dex: 15 (18) Spells: 0 memorised, 6 levels left

rFire  . . .     SeeInvis .     a - +0 hand axe
rCold  . . .     Gourm    .     (armour currently unavailable)
rNeg   + + +     Faith    .     (no shield)
rPois  +         Spirit   .     (helmet currently unavailable)
rElec  .         Dismiss  .     (cloak currently unavailable)
rCorr  .         Reflect  +     (gloves currently unavailable)
MR     .....     Harm     .     (boots currently unavailable)
Stlth  +++....... NoTele   +    o - +4 amulet of reflection
                                (no ring)
                                (no ring)

@: brilliant, agile, tree-form (expiring)
A: deterioration 1
a: Minor Destruction, Renounce Religion


You were on level 8 of the Dungeon.
You worshipped Makhleb.
Makhleb was pleased with you.
You were hungry.
You were a tree.
You visited 1 branch of the dungeon, and saw 8 of its levels.

You collected 54 gold pieces.

Inventory:

Hand Weapons
 a - a +0 hand axe (weapon)
Missiles
 w - 5 poisoned needles
Armour
 b - a +0 robe
 l - a +1 scale mail (melded)
 n - a +0 chain mail
Jewellery
 o - a +4 amulet of reflection (around neck)
Wands
 p - a wand of flame (28/48)
Scrolls
 e - 3 scrolls of identify
 f - a scroll of enchant armour
 g - a scroll of magic mapping
 j - a scroll of amnesia
Potions
 h - a potion of degeneration
Comestibles
 c - 2 bread rations
 d - a meat ration
 q - a beef jerky
 x - a royal jelly


   Skills:
 - Level 3.6 Fighting
 + Level 10.1 Axes
 - Level 2.4 Dodging
 - Level 1.5 Stealth


You had 6 spell levels left.
You didn't know any spells.

Dungeon Overview and Level Annotations

Branches:
Dungeon (8/15)               Lair (0/6) D:8
 Temple: D:4-7

Altars:
Makhleb
Ru
Trog

Shops:
D:4 *

Annotations:
D:3 Terence
D:5 Edmund
D:6 exclusion: upstairs
D:7 exclusion: upstairs


Innate Abilities, Weirdness & Mutations

Your body sometimes deteriorates upon taking damage.


Message History

Helpless, you fail to dodge the blast of flame.
* * * LOW HITPOINT WARNING * * *
You hit the hell hound.
You kill the hell hound!
Makhleb accepts your kill.
You feel your strength returning.
Your Axes skill increases to level 10!
You have reached level 7!
Unknown command.
Unknown command.
Unknown command.
Unknown command.
Your transformation is almost over.
You hit the wight but do no damage. The wight hits you but does no damage.
You closely miss the wight. The wight hits you but does no damage.
You closely miss the wight. You hit the wight but do no damage.
The wight hits you but does no damage.
You hit the wight but do no damage. You hit the wight but do no damage.
The wight hits you with a great sword!
You die...

,*****,***,,,,,,,****,**
,,**,,,* **,,**,,,**,,,*
,,,,,,** *,,,*,,,,,****
,,,,,,* **,,,,**,**
,,,,,,* ##,,,***,*
,,,,,,***##..,** *,*
,,,8,,,,,,....** *,#
,,,,,,,,,***#..###.#
*,,,,,,,,,**#..z♣..#
****,,,*,......))).#****
****,,***#)...........,*
,**,,,* #.............#*
,,,,,****#.........#.#..**
*,,,,,,,,..........#.#*#,*
,,,,,,,,*.........##*.****
,,,,,,,**##.......#**,#
,,,,,,,****,,,**,,,****


You could see a wight.

Vanquished Creatures
  A hell hound (D:8)
  A necrophage (D:8)
  A scorpion (D:8)
  2 orc wizards (D:8)
  A hound (D:7)
  A bullfrog skeleton (D:5)
  2 worker ants
  A hound skeleton (D:7)
  A mummy (D:8)
  A shadow imp (D:8)
  A dart slug (D:4)
  A leopard gecko (D:4)
  4 orcs
  2 ball pythons
  A giant cockroach (D:4)
  A hobgoblin (D:1)
  3 jackals
  2 bats (D:1)
  3 frilled lizards
  3 goblins
  A kobold (D:1)
34 creatures vanquished.

Notes
Turn   | Place    | Note
-------+----------+-------------------------------------------
     0 | D:1      | brucemayne the Hill Orc Monk began the quest for the Orb.
     0 | D:1      | Reached XP level 1. HP: 19/19 MP: 1/1
   203 | D:2      | Reached XP level 2. HP: 19/26 MP: 2/2
   250 | D:3      | Noticed Terence
   294 | D:4      | Found a bloodstained altar of Trog.
   294 | D:4      | Found a sacrificial altar of Ru.
   295 | D:4      | Found a burning altar of Makhleb.
   301 | D:4      | Became a worshipper of Makhleb the Destroyer
   301 | D:4      | Reached * piety under Makhleb
   301 | D:4      | Reached ** piety under Makhleb
   310 | D:5      | Entered Level 5 of the Dungeon
   322 | D:4      | Reached skill level 5 in Axes
   448 | D:5      | Reached XP level 3. HP: 19/31 MP: 3/3
   496 | D:4      | Reached skill level 6 in Axes
   537 | D:4      | Found Ozxo's General Store.
   605 | D:5      | Noticed Edmund
   712 | D:4      | Reached XP level 4. HP: 35/39 MP: 4/4
   789 | D:5      | Noticed an ogre
   891 | D:5      | Reached skill level 7 in Axes
   927 | D:6      | Noticed an ogre
   998 | D:7      | Reached XP level 5. HP: 32/45 MP: 5/5
  1047 | D:7      | Noticed a phantom
  1197 | D:8      | Noticed a necrophage
  1204 | D:8      | Killed a necrophage
  1204 | D:8      | Reached skill level 8 in Axes
  1204 | D:8      | Reached XP level 6. HP: 50/50 MP: 6/6
  1238 | D:8      | Reached skill level 9 in Axes
  1264 | D:8      | Noticed a water moccasin
  1278 | D:8      | Gained mutation: Your body sometimes deteriorates upon taking damage. [potion of mutation]
  1278 | D:8      | Gained mutation: You are agile. (Dex +2) [potion of mutation]
  1278 | D:8      | Lost mutation: You are agile. (Dex +2) [potion of mutation]
  1289 | D:8      | Noticed a hell hound
  1309 | D:8      | Killed a hell hound
  1309 | D:8      | Reached skill level 10 in Axes
  1309 | D:8      | Reached XP level 7. HP: 7/57 MP: 7/7
  1317 | D:8      | Slain by a wight

Vault maps used:
D:1:      minmay_arrival_split_and_join
D:2:      minivault_27
D:3:      serial_glass, glass_columns_b, glass_columns_a, uniq_iyjb,
          uniq_crazy_yiuf_cottage, uniq_terence
D:4:      gammafunk_temple_overflow_claw, first_bread, serial_shops, shop,
          serial_bayou_lake_a
D:5:      bh_walls_and_bars, uniq_edmund
D:6:      minitemple, minmay_unpleasant_kobolds
D:7:      grunt_livestock
D:8:      minmay_bloctagon_deflated, minmay_lair_entry_lava, serial_shops, shop,
          serial_undead, serial_undead_a, serial_undead_c, serial_undead_a,
          serial_undead_e, serial_undead_d, basic_altar

Skill      XL: |  1  2  3  4  5  6 |
---------------+-------------------+-----
Axes           | 5 6 7 8 10 | 10.1
Fighting       | |  3.6
Dodging        | |  2.4
Stealth        | |  1.5

Action                   |  1- 3 |  4- 6 |  7- 9 || total
-------------------------+-------+-------+-------++-------
Melee: Hand axe          |    66 |    81 |     6 ||   153
Evoke: Wand              |       |    12 |       ||    12
  Use: Scroll            |     1 |     7 |       ||     8
       Potion            |       |     6 |       ||     6
 Stab: Sleeping          |     1 |       |       ||     1
  Eat: Chunk             |       |     1 |       ||     1
Armor: Robe              |    16 |       |       ||    16
       Scale mail        |     5 |    26 |       ||    31
       Skin              |       |    30 |     3 ||    33
Dodge: Dodged            |    43 |    31 |       ||    74
Block: Other             |     3 |    16 |       ||    19
